Workbook

Sheet Assumptions
A1: New product line: assumptions (USD thousands; volumes in thousand units)
A3: Assumption | B3: Low | C3: Base | D3: High
A4: Investment (year 0) | B4: 1800 | C4: 2000 | D4: 2600
A5: Year-1 volume | B5: 30 | C5: 40 | D5: 50
A6: Volume growth per year | B6: 0.02 | C6: 0.08 | D6: 0.13
A7: Price per unit (USD) | B7: 54 | C7: 60 | D7: 65
A8: Unit cost (USD) | B8: 31 | C8: 34 | D8: 40
A9: Fixed costs, year 1 | C9: 400
A10: Fixed cost growth per year | C10: 0.03
A11: Chance a competitor enters | C11: 0.3
A12: Competitor enters (1 = yes) | C12: 0
A13: Price cut if a competitor enters | C13: 0.1
A14: Working capital (share of revenue) | C14: 0.15
A15: Tax rate | C15: 0.25
A16: Discount rate | C16: 0.09

Sheet Model
A1: Cash flow (USD thousands)
A2: Year | B2: 0 | C2: 1 | D2: 2 | E2: 3 | F2: 4 | G2: 5
A3: Volume | C3: =IF(C$2=1,Assumptions!$C$5,B3*(1+Assumptions!$C$6)) | D3: =IF(D$2=1,Assumptions!$C$5,C3*(1+Assumptions!$C$6)) | E3: =IF(E$2=1,Assumptions!$C$5,D3*(1+Assumptions!$C$6)) | F3: =IF(F$2=1,Assumptions!$C$5,E3*(1+Assumptions!$C$6)) | G3: =IF(G$2=1,Assumptions!$C$5,F3*(1+Assumptions!$C$6))
A4: Price | C4: =Assumptions!$C$7*(1-IF(C$2>=3,Assumptions!$C$12*Assumptions!$C$13,0)) | D4: =Assumptions!$C$7*(1-IF(D$2>=3,Assumptions!$C$12*Assumptions!$C$13,0)) | E4: =Assumptions!$C$7*(1-IF(E$2>=3,Assumptions!$C$12*Assumptions!$C$13,0)) | F4: =Assumptions!$C$7*(1-IF(F$2>=3,Assumptions!$C$12*Assumptions!$C$13,0)) | G4: =Assumptions!$C$7*(1-IF(G$2>=3,Assumptions!$C$12*Assumptions!$C$13,0))
A5: Revenue | C5: =C3*C4 | D5: =D3*D4 | E5: =E3*E4 | F5: =F3*F4 | G5: =G3*G4
A6: Variable costs | C6: =C3*Assumptions!$C$8 | D6: =D3*Assumptions!$C$8 | E6: =E3*Assumptions!$C$8 | F6: =F3*Assumptions!$C$8 | G6: =G3*Assumptions!$C$8
A7: Fixed costs | C7: =Assumptions!$C$9*(1+Assumptions!$C$10)^(C$2-1) | D7: =Assumptions!$C$9*(1+Assumptions!$C$10)^(D$2-1) | E7: =Assumptions!$C$9*(1+Assumptions!$C$10)^(E$2-1) | F7: =Assumptions!$C$9*(1+Assumptions!$C$10)^(F$2-1) | G7: =Assumptions!$C$9*(1+Assumptions!$C$10)^(G$2-1)
A8: EBITDA | C8: =C5-C6-C7 | D8: =D5-D6-D7 | E8: =E5-E6-E7 | F8: =F5-F6-F7 | G8: =G5-G6-G7
A9: Depreciation (straight line, 5 years) | C9: =Assumptions!$C$4/5 | D9: =Assumptions!$C$4/5 | E9: =Assumptions!$C$4/5 | F9: =Assumptions!$C$4/5 | G9: =Assumptions!$C$4/5
A10: EBIT | C10: =C8-C9 | D10: =D8-D9 | E10: =E8-E9 | F10: =F8-F9 | G10: =G8-G9
A11: Tax | C11: =C10*Assumptions!$C$15 | D11: =D10*Assumptions!$C$15 | E11: =E10*Assumptions!$C$15 | F11: =F10*Assumptions!$C$15 | G11: =G10*Assumptions!$C$15
A12: Working capital (end of year) | B12: 0 | C12: =IF(C$2<$G$2,C5*Assumptions!$C$14,0) | D12: =IF(D$2<$G$2,D5*Assumptions!$C$14,0) | E12: =IF(E$2<$G$2,E5*Assumptions!$C$14,0) | F12: =IF(F$2<$G$2,F5*Assumptions!$C$14,0) | G12: =IF(G$2<$G$2,G5*Assumptions!$C$14,0)
A13: Change in working capital | C13: =C12-B12 | D13: =D12-C12 | E13: =E12-D12 | F13: =F12-E12 | G13: =G12-F12
A14: Free cash flow | B14: =-Assumptions!C4 | C14: =C10-C11+C9-C13 | D14: =D10-D11+D9-D13 | E14: =E10-E11+E9-E13 | F14: =F10-F11+F9-F13 | G14: =G10-G11+G9-G13
A16: NPV | B16: =B14+NPV(Assumptions!C16,C14:G14)
A17: IRR | B17: =IRR(B14:G14)
A19: NPV() discounts its first value by a full year, so the year-0 cash flow is added outside it.
